 Dungeon Crawl Stone Soup version 0.23.1 (webtiles) character file.

Game seed: 0

1696 Borgoz the Cutter (level 9, 0/74 HPs)
             Began as a Ghoul Monk on Mar 17, 2019.
             Slain by an orc
             ... wielding a +0 flail
              (4 damage)
             ... on level 5 of the Dungeon.
             The game lasted 00:15:08 (5532 turns).

Borgoz the Cutter (Ghoul Monk)                      Turns: 5532, Time: 00:15:09

Health: 0/74       AC: 10    Str: 15      XL:     9   Next: 3%
Magic:  8/8        EV: 13    Int:  5 (7)  God:
Gold:   292        SH:  0    Dex:  9 (12) Spells: 6/8 levels left

rFire    . . .     SeeInvis .   a - +1 dagger (elec)
rCold    + . .     Gourm    .   (no shield)
rNeg     + + +     Faith    .   t - +2 ring mail {MR+}
rPois    ∞         Spirit   .   e - +0 helmet
rElec    .         Reflect  .   u - +0 cloak
rCorr    .         Harm     .   (no gloves)
MR       +....                  (no boots)
Stlth    +.........             (no amulet)
HPRegen  0.00/turn              (no ring)
MPRegen  0.11/turn              (no ring)

@: rotting
A: rotting body, claws 1, carnivore, cold resistance 1, negative energy
resistance 3, inhibited regeneration, torment resistance, unbreathing
a: no special abilities


You were on level 5 of the Dungeon.
You were not hungry.

You visited 1 branch of the dungeon, and saw 5 of its levels.

You collected 292 gold pieces.

Inventory:

Hand Weapons
 a - a +1 dagger of electrocution (weapon)
 j - a +0 rapier
 l - a +4 quarterstaff of chaos
Armour
 e - a +0 helmet (worn)
 t - a +2 ring mail of magic resistance (worn)
 u - a +0 cloak (worn)
Jewellery
 k - an uncursed ring of fire
Wands
 s - a wand of random effects (18)
Scrolls
 f - 3 scrolls of teleportation
 i - a scroll of amnesia
 m - 3 scrolls of remove curse
Potions
 b - 2 potions of cancellation {unknown}
 d - 2 potions of flight
 g - 2 potions of curing
 h - a potion of invisibility
 n - 2 potions of heal wounds
 o - a potion of haste {unknown}
 p - a potion of ambrosia {unknown}
 q - a potion of magic
Comestibles
 c - 12 rations


   Skills:
 + Level 5.5 Fighting
 * Level 6.0 Short Blades
 * Level 5.1 Armour
 * Level 5.9 Dodging
 + Level 3.1 Stealth
 + Level 0.8 Translocations


You had 6 spell levels left.
You knew the following spells:

 Your Spells              Type           Power        Failure   Level  Hunger
a - Blink                 Tloc           N/A          73%         2    ###....

Your spell library contained the following spells:

 Spells                   Type           Power        Failure   Level  Hunger
 Flame Tongue             Conj/Fire      #....        69%         1    ##.....
 Magic Dart               Conj           #...         69%         1    ##.....
 Call Imp                 Summ           #.......     83%         2    ###....
 Slow                     Hex            #.......     83%         2    ###....
 Throw Flame              Conj/Fire      #.....       83%         2    ###....
 Conjure Flame            Conj/Fire      #.......     96%         3    ####...
 Inner Flame              Hex/Fire       #.......     96%         3    ####...
 Mephitic Cloud           Conj/Pois/Air  #.......     96%         3    ####...
 Sticky Flame             Conj/Fire      #.......     100%        4    #####..
 Fireball                 Conj/Fire      #.........   100%        5    ######.


Dungeon Overview and Level Annotations

Branches:
Dungeon (5/15)
 Temple: D:4-7

Altars:
Fedhas
Makhleb
Trog
Uskayaw
Wu Jian
Yredelemnul
The Shining One


Innate Abilities, Weirdness & Mutations

Your body is rotting away.
You thrive on raw meat.
You are immune to poison.
You have sharp fingernails.
You are carnivorous and can eat meat at any time.
Your flesh is cold resistant. (rC+)
You are immune to negative energy. (rN+++)
You do not regenerate when monsters are visible.
You are immune to unholy pain and torment.
You can survive without breathing.


Message History

You barely miss the orc. You hit the orc but do no damage.
The orc hits you with a +0 trident!
* * * LOW HITPOINT WARNING * * *
The orc closely misses you.
You closely miss the orc. The orc barely misses you.
The orc hits you with a +0 flail.
* * * LOW HITPOINT WARNING * * *
You feel better. The orc closely misses you.
You hit the orc but do no damage. The orc hits you with a +0 flail.
* * * LOW HITPOINT WARNING * * *
You hit the orc but do no damage. Lightning courses through the orc!!
You kill the orc!
The orc hits you with a +0 flail.
* * * LOW HITPOINT WARNING * * *
You closely miss the orc.
Your ring mail prevents you from hitting the orc.
The orc hits you with a +0 flail.
* * * LOW HITPOINT WARNING * * *
The orc hits you with a +0 flail.
You die...

#......## ........##
.........# .........#
.........## ##
..o.......## #..
........#..# #...
........#.o#### ##..
_......#..o@.(####..#
.........####...#..#
.......### ####..#
.....## ##.## ...##
#########..#
###.......##.#
##..........#.##
##...........#..#
#.............#.#


You could see 2 orcs.

Vanquished Creatures
  Sigmund (D:4)
  Edmund (D:4)
  The ghost of zedzed the Cudgeler, an amateur GrGl (D:4)
  2 sky beasts
  A bullfrog (D:3)
  A gnoll sergeant (D:3)
  A scorpion (D:5)
  A centaur zombie (D:5)
  Crazy Yiuf (D:3)
  3 gnoll shamans (D:3)
  A hound (D:5)
  A centaur skeleton (D:4)
  Jessica (D:3)
  An orc wizard (D:5)
  3 worker ants
  A howler monkey zombie (D:5)
  39 gnolls
  8 adders
  3 oozes
  4 worms
  3 dart slugs
  3 leopard geckos
  9 orcs
  2 ball pythons
  8 bats
  3 giant cockroaches
  10 goblins
  12 hobgoblins
  21 jackals
  3 quokkas (D:3)
  6 frilled lizards
  9 kobolds
  A leopard gecko skeleton (D:5)
  2 quokka skeletons (D:5)
  14 rats
181 creatures vanquished.

Notes
Turn   | Place    | Note
-------+----------+-------------------------------------------
     0 | D:1      | Borgoz the Ghoul Monk began the quest for the Orb.
     0 | D:1      | Reached XP level 1. HP: 19/19 MP: 0/0
   316 | D:1      | Reached XP level 2. HP: 8/26 MP: 1/1
   864 | D:1      | Reached skill level 3 in Short Blades
   866 | D:1      | Reached XP level 3. HP: 28/31 MP: 2/2
   869 | D:1      | Reached skill level 1 in Armour
  1304 | D:2      | Found a hide-covered altar of Uskayaw.
  1527 | D:2      | Reached XP level 4. HP: 29/38 MP: 3/3
  1606 | D:2      | Found an ornate altar of the Wu Jian Council.
  2120 | D:2      | Reached XP level 5. HP: 46/46 MP: 4/4
  2557 | D:3      | Reached XP level 6. HP: 18/52 MP: 5/5
  2598 | D:3      | Reached skill level 4 in Short Blades
  2860 | D:4      | Noticed zedzed's ghost (amateur GrGl)
  2861 | D:4      | Found a runed translucent door.
  2876 | D:4      | Noticed a sky beast
  2926 | D:4      | Killed a sky beast
  2926 | D:4      | Reached XP level 7. HP: 40/58 MP: 6/6
  3090 | D:4      | Noticed Edmund
  3103 | D:4      | Killed Edmund
  3156 | D:4      | Learned a level 2 spell: Blink
  3378 | D:4      | Found a blossoming altar of Fedhas.
  3379 | D:4      | Noticed Sigmund
  3398 | D:4      | Killed Sigmund
  3598 | D:3      | Found a basalt altar of Yredelemnul.
  3679 | D:3      | Found a glowing golden altar of the Shining One.
  3820 | D:3      | Reached skill level 5 in Short Blades
  3820 | D:3      | Reached XP level 8. HP: 44/67 MP: 7/7
  3830 | D:3      | Reached skill level 5 in Dodging
  3994 | D:3      | Reached skill level 5 in Fighting
  4365 | D:3      | Noticed Jessica
  4380 | D:3      | Killed Jessica
  4659 | D:3      | Found a runed translucent door.
  4660 | D:3      | Noticed Crazy Yiuf
  4665 | D:3      | Killed Crazy Yiuf
  4881 | D:4      | Killed zedzed's ghost
  5036 | D:5      | Entered Level 5 of the Dungeon
  5042 | D:5      | Found a bloodstained altar of Trog.
  5430 | D:5      | Reached skill level 5 in Armour
  5449 | D:5      | Found a burning altar of Makhleb.
  5522 | D:5      | Reached skill level 6 in Short Blades
  5522 | D:5      | Reached XP level 9. HP: 17/74 MP: 8/8
  5532 | D:5      | Slain by an orc

Skill      XL: |  1  2  3  4  5  6  7  8 |
---------------+-------------------------+-----
Short Blades   | 3 4 5 6 |  6.0
Dodging        | 3 4 5 |  5.9
Armour         | 1 2 3 4 5 |  5.1
Fighting       | 4 5 |  5.5
Stealth        | 3 |  3.1
Translocations | |  0.8

Action                   |  1- 3 |  4- 6 |  7- 9 || total
-------------------------+-------+-------+-------++-------
Melee: Short sword       |    56 |       |       ||    56
       Dagger            |    93 |   204 |   464 ||   761
  Use: Scroll            |     2 |    13 |     3 ||    18
       Potion            |     1 |     1 |     3 ||     5
 Stab: Sleeping          |     1 |     7 |       ||     8
  Eat: Chunk             |    14 |    18 |    37 ||    69
Armor: Robe              |    21 |    11 |       ||    32
       Ring mail         |       |    61 |   123 ||   184
Dodge: Dodged            |    92 |   154 |   271 ||   517
